 Dungeon Crawl Stone Soup version 0.20-a0-201-g851c6fa (webtiles) character file.

231 Gorice the Bolt Thrower (level 6, -2/38 HPs)
             Began as a Kobold Arcane Marksman on Nov 24, 2016.
             Slain by a centaur (6 damage)
             ... on level 3 of the Dungeon.
             The game lasted 00:15:00 (2884 turns).

Gorice the Bolt Thrower (Kobold Arcane Marksman)    Turns: 2884, Time: 00:15:00

Health: -2/38      AC:  7    Str: 10    XL:     6   Next: 24%
Magic:  7/7        EV: 14    Int: 14    God:
Gold:   186        SH:  0    Dex: 15    Spells: 6/7 levels left

rFire  . . .     SeeInvis .     a - +0 dagger (venom)
rCold  . . .     Gourm    .     t - +1 leather armour {rPois}
rNeg   . . .     Faith    .     (shield restricted)
rPois  +         Spirit   .     k - +0 helmet
rElec  .         Reflect  .     (no cloak)
rCorr  .         Harm     .     u - +1 pair of gloves
MR     .....                    (no boots)
Stlth  +.........               (no amulet)
                                (no ring)
                                g - ring of wizardry

@: no status effects
A: carnivore 3
a: no special abilities


You were on level 3 of the Dungeon.
You were completely stuffed.

You visited 1 branch of the dungeon, and saw 3 of its levels.

You collected 186 gold pieces.

Inventory:

Hand Weapons
 a - a +0 dagger of venom (weapon)
   (You took it off Ijyb on level 1 of the Dungeon)
 b - a +0 hand crossbow
 m - a +0 mace
 n - a cursed -3 hunting sling
Missiles
 d - 14 bolts
 Z - 80 stones (quivered)
Armour
 e - a +0 scale mail
 k - a +0 helmet (worn)
 o - a +0 ring mail
 t - a +1 leather armour of poison resistance (worn)
   (You found it on level 2 of the Dungeon)
 u - a +1 pair of gloves (worn)
Jewellery
 g - a ring of wizardry (left hand)
 j - an uncursed ring of fire
Potions
 s - 3 potions of heal wounds {!q}
 w - a potion of magic {!q}
Books
 c - a book of Debilitation
Comestibles
 f - a meat ration {!e}
 h - 4 chunks of flesh
 i - a beef jerky


   Skills:
 + Level 3.7 Fighting
 + Level 6.0 Crossbows
 - Level 2.4 Dodging
 - Level 1.1 Spellcasting
 - Level 3.0 Hexes


You had 6 spell levels left.
You knew the following spells:

 Your Spells              Type           Power        Failure   Level  Hunger
a - Corona                Hex            #......      4%          1    ##.....


Dungeon Overview and Level Annotations

Branches:
Dungeon (3/15)

Altars:
Nemelex Xobeh

Annotations:
D:3 KristoblXynda's ghost, amateur SpCK


Innate Abilities, Weirdness & Mutations

You are small and have problems with some larger weapons.
You are carnivorous and can eat meat at any time.


Message History

A rat comes into view.
Found 15 stones, a scroll of remove curse, 10 gold pieces and a bread ration.
There is a stone staircase leading up here.
You closely miss the rat. The rat closely misses you.
You hit the rat but do no damage. The rat closely misses you.
You hit the rat but do no damage.
The rat is poisoned.
The rat bites you but does no damage.
You completely miss the rat.
The rat is heavily wounded.
You kill the rat!
You see here a rat corpse.
You butcher the rat corpse.
h - 4 chunks of flesh (gained 1)
You see here a rat skeleton.
A centaur comes into view.
The centaur wields a shortbow.
The centaur shoots an arrow.
The arrow barely misses you.
The centaur shoots an arrow.
The arrow hits you!
The centaur shoots an arrow.
The arrow closely misses you.
An adder comes into view.
You see here an arrow.
Damage: 11 (max 11)
The centaur shoots an arrow.
The arrow hits you.
You see here an arrow.
Damage: 1 (max 11)
The centaur shoots an arrow.
The arrow hits you!
* * * LOW HITPOINT WARNING * * *
The centaur shoots an arrow.
The arrow completely misses you.
You see here an arrow.
Damage: 8 (max 11)
The centaur shoots an arrow.
The arrow barely misses you.
You see here an arrow.
The centaur shoots an arrow.
The arrow closely misses you.
The centaur shoots an arrow.
The arrow hits you!
* * * LOW HITPOINT WARNING * * *
You see here an arrow.
Damage: 9 (max 11)
The centaur unwields an uncursed shortbow.
The centaur barely misses you. The centaur hits you.
* * * LOW HITPOINT WARNING * * *
Damage: 3 (max 3)
You hit the centaur.
The centaur is poisoned.
The centaur is lightly wounded.
The centaur closely misses you.
You hit the centaur.
The centaur looks as sick as possible!
The centaur is lightly wounded.
The centaur hits you.
* * * LOW HITPOINT WARNING * * *
The centaur hits you.
You die...

..........(........
..........(.......(
.........(.?.......
....%...(.$........
##.##......S......
#....(...........
###...(....cS...
###..c####....
###.@.# ....
###...#.. #####


You could see a centaur.

Vanquished Creatures
  An orc priest (D:2)
  Terence (D:3)
  Ijyb (D:1)
  3 gnolls
  5 adders
  5 oozes
  3 worms
  A dart slug (D:1)
  A leopard gecko (D:1)
  4 orcs (D:2)
  9 bats
  6 giant cockroaches
  A goblin (D:1)
  A hobgoblin (D:2)
  A ball python (D:2)
  A frilled lizard (D:3)
  2 kobolds (D:2)
  5 rats
51 creatures vanquished.

Notes
Turn   | Place    | Note
-------+----------+-------------------------------------------
     0 | D:1      | Gorice the Kobold Arcane Marksman began the quest for the Orb.
     0 | D:1      | Reached XP level 1. HP: 12/12 MP: 2/2
   165 | D:1      | Reached skill level 3 in Crossbows
   165 | D:1      | Reached XP level 2. HP: 16/16 MP: 0/3
   962 | D:2      | Reached XP level 3. HP: 20/20 MP: 2/4
   981 | D:2      | Noticed Ijyb
  1089 | D:1      | Reached skill level 4 in Crossbows
  1158 | D:1      | HP: 5/21 [poisoned by Ijyb]
  1159 | D:1      | HP: 2/21 [poisoned by Ijyb]
  1161 | D:1      | Killed Ijyb
  1161 | D:1      | Reached skill level 2 in Fighting
  1161 | D:1      | Reached XP level 4. HP: 23/26 MP: 3/5
  1170 | D:1      | HP: 7/26 [poisoned by Ijyb]
  1717 | D:2      | Reached skill level 5 in Crossbows
  1839 | D:2      | Found a sparkling altar of Nemelex Xobeh.
  1926 | D:2      | Reached XP level 5. HP: 31/31 MP: 1/6
  2471 | D:2      | Reached skill level 3 in Fighting
  2540 | D:3      | Noticed Terence
  2573 | D:3      | Killed Terence
  2573 | D:3      | Reached XP level 6. HP: 25/37 MP: 4/7
  2634 | D:3      | Noticed KristoblXynda's ghost (amateur SpCK)
  2833 | D:2      | Reached skill level 6 in Crossbows
  2877 | D:3      | HP: 9/38 [centaur/arrow (9)]
  2882 | D:3      | HP: 7/38 [centaur (3)]
  2884 | D:3      | Slain by a centaur

Vault maps used:
D:1:      matt_arrival_los_fun
D:2:      nemelex_spade_bored_becter, uniq_iyjb
D:3:      minmay_overflow_temple_hex, first_bread, st_stairs_12,
          uniq_crazy_yiuf_cottage, uniq_terence

Skill      XL: |  1  2  3  4  5  6 |
---------------+-------------------+-----
Crossbows      | 3 4 5 6 |  6.0
Fighting       | 2 3 |  3.7
Dodging        | |  2.4
Spellcasting   | |  1.1
Hexes          | |  3.0

Action                   |  1- 3 |  4- 6 || total
-------------------------+-------+-------++-------
Melee: Mace              |    27 |       ||    27
       Dagger            |       |   140 ||   140
 Fire: Hand crossbow     |    29 |     7 ||    36
 Cast: Corona            |    21 |    33 ||    54
  Use: Scroll            |     1 |     4 ||     5
       Potion            |     1 |     2 ||     3
  Eat: Chunk             |     7 |    10 ||    17
Armor: Robe              |     7 |       ||     7
       Ring mail         |     9 |    38 ||    47
       Leather armour    |       |    26 ||    26
Dodge: Dodged            |    52 |   139 ||   191

Table legend:
 A = Turns spent in this place as a percentage of turns spent in the entire game.
 B = Non-inter-level travel turns spent in this place as a percentage of non-inter-level travel turns spent in the entire game.
 C = Inter-level travel turns spent in this place as a percentage of turns spent in this place.
 D = Turns resting spent in this place as a percentage of non-inter-level travel turns spent in this place.
 E = Turns spent auto-exploring this place as a percentage of non-inter-level travel turns spent in this place.
 F = Non-inter-level travel turns spent in this place divided by the number of levels of this place that you've seen.
                   A       B       C       D       E      F
               +-------+-------+-------+-------+-------+----------------------
         Total | 100.0 | 100.0 |   0.6 |   2.9 |   3.8 | 350.3
       Dungeon | 100.0 | 100.0 |   0.6 |   2.9 |   3.8 | 350.3
               +-------+-------+-------+-------+-------+----------------------

Vault maps used:
D:1:      matt_arrival_los_fun
D:2:      nemelex_spade_bored_becter, uniq_iyjb
D:3:      minmay_overflow_temple_hex, first_bread, st_stairs_12,
          uniq_crazy_yiuf_cottage, uniq_terence
